 Dungeon Crawl Stone Soup version 0.30.1-11-g7821555f0a (webtiles) character file.

Game seed: 1751511468767870032

7 SacredBeard the Grave Robber (level 1, -1/13 HPs)
             Began as a Demonspawn Necromancer on Nov 18, 2023.
             Slain by a jackal (3 damage)
             ... on level 1 of the Dungeon.
             The game lasted 00:01:00 (264 turns).

SacredBeard the Grave Robber (DsNe)                  Turns: 264, Time: 00:01:01

Health: -1/13      AC:  2    Str:  8    XL:     1   Next: 83%
Magic:  0/3        EV: 12    Int: 16    God:
Gold:   41         SH:  0    Dex: 13    Spells: 3/4 levels left

rFire   . . .        d - +0 spear
rCold   . . .        (no shield)
rNeg    . . .        a - +0 robe
rPois   .            (no helmet)
rElec   .            (no cloak)
rCorr   .            (no gloves)
SInv    .            (no boots)
Will    .....        (no amulet)
Stlth   ++           (no ring)
HPRegen 0.22/turn    (no ring)
MPRegen 0.08/turn

%: no passive effects
@: no status effects
A: no striking features
a: no special abilities


You were on level 1 of the Dungeon.
You visited 1 branch of the dungeon, and saw 1 of its levels.

You collected 41 gold pieces.

Inventory:

Hand Weapons
 d - a +0 spear (weapon)
Missiles
 e - 5 poisoned darts
Armour
 a - a +0 robe (worn)
Scrolls
 c - a scroll of poison {unknown}
Potions
 f - a potion of might {unknown}


   Skills:
 + Level 0.2 Fighting
 + Level 0.0 Throwing
 + Level 0.2 Armour
 + Level 1.9 Dodging
 + Level 1.9 Stealth
 - Level 2.0 Spellcasting
 * Level 4.5 Necromancy


You had 3 spell levels left.
You knew the following spells:

 Your Spells              Type           Power      Damage    Failure   Level
a - Necrotise             Necr           64%        1d7       3%          1

Your spell library contained the following spells:

 Spells                   Type           Power      Damage    Failure   Level
 Vampiric Draining        Necr           16%        2d7       10%         3
 Animate Dead             Necr           16%        N/A       32%         4
 Agony                    Necr           16%        N/A       65%         5


Dungeon Overview and Level Annotations

Branches:
Dungeon (1/15) Zot: 5733

Altars:

Shops:
D:1 [


Message History

You hit the jackal.
You kill the jackal!
Magic courses through your body.
The jackal writhes in agony.
The jackal barely misses you. The jackal bites you.
The jackal writhes in agony.
You kill the jackal!
The dead are walking!
The jackal misses you.
The jackal barely resists.
The jackal barely misses you.
The jackal bites you but does no damage.
The jackal barely misses you.
Your jackal skeleton closely misses the jackal.
The jackal misses you.
You are out of magic!
You are out of magic!
You are out of magic!
You are out of magic!
You hit the jackal but do no damage. The jackal bites you.
Your jackal skeleton misses the jackal.
The jackal bites you.
You barely miss the jackal. The jackal closely misses you.
The jackal barely misses you.
Your jackal skeleton bites the jackal but does no damage.
The jackal bites you. The jackal barely misses you.
You are too injured to fight recklessly!
You are too injured to fight recklessly!
You are too injured to fight recklessly!
You are too injured to fight recklessly!
You are too injured to fight recklessly!
You are too injured to fight recklessly!
You are too injured to fight recklessly!
You barely miss the jackal.
Your jackal skeleton bites the jackal.
The jackal closely misses you. The jackal bites you. x2
Your jackal skeleton barely misses the jackal.
You barely miss the jackal.
The jackal is lightly wounded.
The jackal bites you. x2
* * * LOW HITPOINT WARNING * * *
Your jackal skeleton bites the jackal but does no damage.
The jackal bites you.
You die...

..############
......hZ.....####
♣..h@........####
♣♣♣♣♣♣..........##
♣♣♣♣♣♣......##
♣♣♣.....##
♣♣♣....## ♣♣♣
♣♣♣.... ♣♣♣P♣♣♣
♣♣♣♣.
♣♣♣.....♣♣♣♣♣ ♣.
♣♣♣..♣♣♣♣♣....♣♣♣♣
♣.♣


You could see 2 jackals and a friendly jackal skeleton.

Vanquished Creatures
  A hobgoblin (D:1)
  2 jackals (D:1)
  A ball python (D:1)
  3 bats (D:1)
7 creatures vanquished.

Notes
Turn   | Place    | Note
-------+----------+-------------------------------------------
     0 | D:1      | SacredBeard the Demonspawn Necromancer began the quest for
                  | the Orb.
     0 | D:1      | Reached XP level 1. HP: 13/13 MP: 3/3
   151 | D:1      | Found Iritza's Antique Armour Shoppe.
   264 | D:1      | Slain by a jackal

Illustrated notes

Levels and vault maps discovered:
D:1:      kilobyte_arrival_exit_the_forest, layout_loops_cross, serial_forest,
          infiniplex_forest_clump_tiny, infiniplex_forest_lined_2,
          infiniplex_forest_straight_5, infiniplex_forest_clump_double,
          infiniplex_forest_straight_5, infiniplex_forest_end_double,
          infiniplex_forest_clump_medium, serial_shops, shop, shop, shop

Action                     || total
---------------------------++-------
  Melee: Spear             ||     5
   Cast: Necrotise         ||    15
    Use: Potion            ||     1
 Armour: Robe              ||     2
  Dodge: Dodged            ||    12
